 Seeded DCSS version 0.29-a0-1027-gcd8c55af63 (webtiles) character file.

Game seed: 15269707715851918857 (custom seed)

1181 hikkokomori the Digger (level 9, -1/72 HPs)
             Began as a Meteoran Earth Elementalist on Aug 14, 2022.
             Was an Initiate of Vehumet.
             Slain by Pikel
             ... wielding a +2 whip of electrocution
              (17 damage)
             ... on level 5 of the Dungeon.
             The game lasted 00:20:31 (2626 turns).

hikkokomori the Digger (MeEE)                       Turns: 2626, Time: 00:20:31

Health: -1/72      AC:  5    Str:  9    XL:     9   Next: 1%
Magic:  7/18       EV: 15    Int: 21    God:    Vehumet [......]
Gold:   155        SH:  0    Dex: 16    Spells: 13/19 levels left

rFire   . . .      SeeInvis .   r - +4 hand axe (freeze)
rCold   . . .      Faith    .   (no shield)
rNeg    . . .      Spirit   .   a - +0 robe
rPois   .          Reflect  .   (no helmet)
rElec   .          Harm     .   (no cloak)
rCorr   .          Rampage  .   (no gloves)
Will    +....                   n - +2 pair of boots
Stlth   +.........              d - amulet of magic regeneration
HPRegen 0.22/turn               (no ring)
MPRegen 0.56/turn               (no ring)

@: about to teleport, very slightly contaminated, glowing
A: sense surroundings 2, otherworldly, glowing, explore regen
a: Renounce Religion


You were on level 5 of the Dungeon.
You worshipped Vehumet.
Vehumet was noncommittal.
You visited 2 branches of the dungeon, and saw 6 of its levels.
You also visited: Sewer.

You collected 155 gold pieces.

Inventory:

Hand Weapons
 e - a +1 dagger of protection
 f - a +1 dagger of draining
 p - a +2 mace of holy wrath
 q - a +0 mace
 r - a +4 hand axe of freezing (weapon)
 y - a +3 shortbow
Missiles
 c - 35 stones
 j - 2 javelins
 z - 6 poisoned darts
Armour
 a - a +0 robe (worn)
 n - a +2 pair of boots (worn)
Jewellery
 d - an amulet of magic regeneration (around neck)
 t - a ring of resist corrosion
Scrolls
 h - 5 scrolls of teleportation
 s - a scroll of acquirement
 v - a scroll of fog
 x - a scroll of blinking
 A - a scroll of silence {unknown}
Potions
 b - 3 potions of magic
 g - a potion of mutation {unknown}
 i - a potion of ambrosia {unknown}
 k - 2 potions of curing
 l - a potion of invisibility
 m - a potion of brilliance
 o - 3 potions of lignification
 u - a potion of might
 w - a potion of berserk rage
 B - 2 potions of haste {unknown}


   Skills:
 + Level 4.6 Fighting
 + Level 5.8 Dodging
 - Level 1.4 Stealth
 + Level 5.9 Spellcasting
 + Level 4.7 Conjurations
 - Level 1.2 Transmutations
 + Level 6.3 Earth Magic


You had 13 spell levels left.
You knew the following spells:

 Your Spells              Type           Power      Damage    Failure   Level
a - Sandblast             Erth           64%        2d14      1%          1
b - Stone Arrow           Conj/Erth      58%        3d10      3%          3
c - Passwall              Tmut/Erth      18%        N/A       3%          2

Your spell library contained the following spells:

 Spells                   Type           Power      Damage    Failure   Level
 Poisonous Vapours        Pois/Air       12%        N/A       16%         2
 Petrify                  Tmut/Erth      22%        N/A       21%         4
 Corpse Rot               Necr/Pois/Air  6%         N/A       69%         4


Dungeon Overview and Level Annotations

Branches:
Dungeon (5/15) Zot: 554    Temple (1/1) D:5 Zot: 555   Sewer (visited)

Altars:
Ashenzari
Cheibriados
Dithmenos
Elyvilon
Makhleb
Nemelex Xobeh
Qazlal
Ru
Sif Muna
Trog
Uskayaw
Vehumet
Wu Jian
Xom
Yredelemnul
Zin

Shops:
D:3 =

Annotations:
D:5 Pikel


Innate Abilities, Weirdness & Mutations

You passively map the area around you.
You are easily found by Zot.
You glow in the dark.
You regain HP and MP as you explore.


Message History

Unknown command.
Okay, then.
Casting: Stone Arrow (dangerous; 3% risk of failure)
Confirm with . or Enter, or press ? or * to list all spells.
Aiming: Stone Arrow (dangerous; 3% risk of failure)
Press: ? - help, Shift-Dir - straight line, f/p - Pikel
Aim: Pikel, wielding a +2 whip of electrocution, wearing a +0 robe and carrying a wand of roots (5) (moderately wounded, 64% to hit)
Okay, then.
As you read the scroll of teleportation, it crumbles to dust.
You feel strangely unstable. The grasping roots constrict you!
Casting: Stone Arrow (dangerous; 3% risk of failure)
Confirm with . or Enter, or press ? or * to list all spells.
Aiming: Stone Arrow (dangerous; 3% risk of failure)
Press: ? - help, Shift-Dir - straight line, f/p - Pikel
Aim: Pikel, wielding a +2 whip of electrocution, wearing a +0 robe and carrying a wand of roots (5) (moderately wounded, 64% to hit)
The stone arrow misses Pikel.
Pikel completely misses you. The grasping roots constrict you.
The centaur shoots an arrow.
The arrow hits you.
Casting: Stone Arrow (dangerous; 3% risk of failure)
Confirm with . or Enter, or press ? or * to list all spells.
Aiming: Stone Arrow (dangerous; 3% risk of failure)
Press: ? - help, Shift-Dir - straight line, f/p - Pikel
Aim: Pikel, wielding a +2 whip of electrocution, wearing a +0 robe and carrying a wand of roots (5) (moderately wounded, 64% to hit)
The stone arrow hits Pikel!
Pikel is heavily wounded.
Pikel barely misses you. The grasping roots constrict you.
The centaur unwields a +0 shortbow.
The centaur barely misses you. The centaur kicks you.
The grasping roots release their grip on you.
Casting: Stone Arrow (dangerous; 3% risk of failure)
Confirm with . or Enter, or press ? or * to list all spells.
Aiming: Stone Arrow (dangerous; 3% risk of failure)
Press: ? - help, Shift-Dir - straight line, f/p - Pikel
Aim: Pikel, wielding a +2 whip of electrocution, wearing a +0 robe and carrying a wand of roots (5) (heavily wounded, 64% to hit)
The stone arrow hits Pikel.
Pikel is severely wounded.
Pikel hits you with a +2 whip of electrocution!
* * * LOW HITPOINT WARNING * * *
You are electrocuted!
You die...

..#...#....#..#.................#
.......#......#°..........°.....#
..............#.....°.°.........#
.........#....#.°....○.....°...○#
.#.......#....### * * * *
.#..............### * ,
......##........# ####
.................## ....#
............#...@c#.....#
................#K5.....# ....
....†......#......## , ##..
........#..##.##...., ,*
##,#.#.#........# .# ,... ,,
.###.# #..#.....# ..*,,.. *
...... #..#....##*#.. ,. #..#.#
....., .. , .....# , ... , ,*


You could see Pikel, a lemure and a centaur.

Vanquished Creatures
  A steam dragon (D:4)
  Eustachio (D:5)
  An ogre (D:5)
  2 centaurs
  3 lemures
  A scorpion (D:5)
  2 bullfrogs (Sewer)
  2 orc priests
  A gnoll bouda (D:3)
  2 iguanas (D:5)
  2 orc wizards (D:4)
  4 gnolls (D:5)
  10 adders
  A river rat (D:4)
  2 white imps (D:5)
  3 worms (D:4)
  3 dart slugs
  18 orcs
  5 bats
  7 endoplasms
  8 giant cockroaches
  6 goblins
  3 hobgoblins
  4 jackals (D:5)
  10 quokkas
  6 ball pythons
  7 frilled lizards
  4 kobolds
  9 rats
128 creatures vanquished.

Notes
Turn   | Place    | Note
-------+----------+-------------------------------------------
     0 | D:1      | hikkokomori the Meteoran Earth Elementalist began the quest
                  | for the Orb.
     0 | D:1      | Reached XP level 1. HP: 14/14 MP: 5/5
   112 | D:1      | Reached XP level 2. HP: 22/22 MP: 4/6
   431 | D:1      | Reached skill level 1 in Fighting
   436 | D:1      | Reached XP level 3. HP: 27/28 MP: 8/8
   478 | D:1      | Glimpsed the power of Zot.
   528 | D:1      | Glimpsed the power of Zot.
   583 | D:2      | Reached skill level 4 in Earth Magic
   744 | D:2      | Learned a level 3 spell: Stone Arrow
   747 | D:2      | Learned a level 2 spell: Passwall
   789 | D:3      | Reached XP level 4. HP: 35/35 MP: 10/10
   874 | D:3      | Reached skill level 1 in Conjurations
   874 | D:3      | Reached XP level 5. HP: 17/41 MP: 11/11
  1016 | D:3      | Found a white marble altar of Elyvilon.
  1096 | D:4      | Noticed a steam dragon
  1098 | D:4      | Noticed a centaur
  1148 | D:3      | Found Bivvysum's Jewellery Boutique.
  1216 | D:3      | Found a basalt altar of Yredelemnul.
  1533 | D:4      | Reached XP level 6. HP: 46/50 MP: 6/13
  1626 | D:4      | Found a glowing drain.
  1634 | Sewer    | Entered a sewer
  1690 | Sewer    | Reached XP level 7. HP: 56/56 MP: 14/14
  1769 | Sewer    | Reached skill level 5 in Earth Magic
  1919 | D:4      | Identified a scroll of acquirement
  2023 | D:4      | Killed a steam dragon
  2024 | D:4      | Reached skill level 5 in Dodging
  2024 | D:4      | Reached skill level 5 in Spellcasting
  2024 | D:4      | Reached XP level 8. HP: 59/66 MP: 7/16
  2203 | D:4      | Found a sacrificial altar of Ru.
  2204 | D:4      | Found a broken altar of Ashenzari.
  2212 | D:4      | Found a sparkling altar of Nemelex Xobeh.
  2213 | D:4      | Found a shadowy altar of Dithmenos.
  2214 | D:4      | Found a shimmering blue altar of Sif Muna.
  2215 | D:4      | Found an ornate altar of the Wu Jian Council.
  2216 | D:4      | Found a stormy altar of Qazlal.
  2217 | D:4      | Found a bloodstained altar of Trog.
  2218 | D:4      | Found a snail-covered altar of Cheibriados.
  2257 | D:5      | Entered Level 5 of the Dungeon
  2329 | D:5      | Noticed Eustachio
  2337 | D:5      | Killed Eustachio
  2403 | D:5      | Reached skill level 6 in Earth Magic
  2525 | D:5      | Found a staircase to the Ecumenical Temple.
  2534 | Temple   | Entered the Ecumenical Temple
  2557 | Temple   | Became a worshipper of Vehumet
  2612 | D:5      | Gained mutation: You passively map the area around you.
                  | [Meteoran growth]
  2612 | D:5      | Reached XP level 9. HP: 72/72 MP: 14/18
  2617 | D:5      | Noticed Pikel
  2626 | D:5      | Slain by Pikel

Illustrated notes

Levels and vault maps discovered:
D:1:      zaba_arrival_water, layout_loops_corners
D:2:      layout_basic
D:3:      minmay_chambers_of_twos, layout_basic, kennysheep_ying_yang,
          serial_shops, nicolae_shop_behind_doors
D:4:      layout_rooms, minitemple, lightli_sewer_entry_pipes, minmay_ruptured
D:5:      layout_cave_pools, lemuel_temple_firewalk_b,
          ebering_ghost_inner_flame, uniq_eustachio, uniq_pikel
Temple:   nicolae_temple_bog_church

Skill      XL: |  1  2  3  4  5  6  7  8 |
---------------+-------------------------+-----
Spellcasting   | 3 4 5 |  5.9
Fighting       | 1 2 3 4 |  4.6
Dodging        | 3 4 5 |  5.8
Earth Magic    | 4 5 6 |  6.3
Conjurations   | 1 2 3 4 |  4.7
Stealth        | |  1.4
Transmutations | |  1.2

Action                   |  1- 3 |  4- 6 |  7- 9 || total
-------------------------+-------+-------+-------++-------
Melee: Dagger            |    19 |     8 |       ||    27
       Punch             |     1 |       |     2 ||     3
       Hand axe          |       |    34 |    52 ||    86
 Cast: Sandblast         |    28 |    56 |    10 ||    94
       Stone Arrow       |       |     8 |    51 ||    59
  Use: Scroll            |     2 |     3 |     5 ||    10
       Potion            |     1 |     3 |       ||     4
 Stab: Sleeping          |       |     1 |       ||     1
Armor: Robe              |     9 |    46 |    25 ||    80
Dodge: Dodged            |    21 |    65 |    64 ||   150

Table legend: (Time is in decaauts)
 A = Elapsed time spent in this place.
 B = Non-inter-level travel time spent in this place.
 C = Inter-level travel time spent in this place.
 D = Time resting spent in this place.
 E = Time spent auto-exploring this place.
 F = Levels seen in this place.
 G = Mean time per level.
                   A        B        C        D        E       F      G
               +--------+--------+--------+--------+--------+-----+--------+
         Total |   2861 |   2737 |    124 |     28 |    287 |   7 |  408.7 |
       Dungeon |   2444 |   2331 |    113 |     28 |    287 |   5 |  488.8 |
        Temple |     44 |     33 |     11 |      0 |      0 |   1 |   44.0 |
         Sewer |    372 |    372 |      0 |      0 |      0 |   1 |  372.0 |
               +--------+--------+--------+--------+--------+-----+--------+

Top non-repeatable levels by time:
     D:3: 801 daAuts
     D:4: 581 daAuts
     D:1: 552 daAuts
   Sewer: 372 daAuts
     D:5: 304 daAuts
     D:2: 205 daAuts
  Temple: 44 daAuts
